 Dungeon Crawl Stone Soup version 0.31.0-9-g3a7656b989 (webtiles) character file.

Game seed: 12195604795521780860

275 qw the Skirmisher (level 6, -8/36 HPs)
             Began as a Deep Elf Hunter on Feb 2, 2024.
             Mangled by an orc warrior
             ... wielding a +0 scimitar
              (10 damage)
             ... on level 4 of the Dungeon.
             The game lasted 00:00:14 (3079 turns).

qw the Skirmisher (Deep Elf Hunter)                 Turns: 3079, Time: 00:00:14

Health: -8/36      AC:  6    Str:  9 (10) XL:     6   Next: 3%
Magic:  8/8        EV: 10    Int: 14      God:
Gold:   224        SH:  5    Dex: 17 (18) Spells: 5/5 levels left

rFire   . . .        a - +0 shortbow
rCold   . . .        (shield currently unavailable)
rNeg    . . .        o - +1 ring mail
rPois   .            (no helmet)
rElec   .            (no cloak)
rCorr   .            (no gloves)
SInv    +            (no boots)
Will    .....        m - amulet of reflection
Stlth   +            e - ring of see invisible
HPRegen 0.26/turn    (no ring)
MPRegen 0.11/turn

%: reflection
@: about to teleport
A: no striking features
a: no special abilities


You were on level 4 of the Dungeon.
You visited 1 branch of the dungeon, and saw 4 of its levels.

You collected 224 gold pieces.


   Skills:
 - Level 2.6 Fighting
 + Level 9.0 Ranged Weapons
 - Level 2.4 Dodging
 - Level 1.2 Stealth


You had 5 spell levels left.
You didn't know any spells.
Your spell library was empty.

Inventory:

Hand Weapons
 a - a +0 shortbow (weapon)
Armour
 o - a +1 ring mail (worn)
Jewellery
 e - a ring of see invisible (left hand)
 m - an amulet of reflection (around neck)
Scrolls
 b - a scroll of enchant weapon {unknown}
 g - a scroll of poison {unknown}
Potions
 c - 2 potions of magic {unknown}
 d - a potion of might {unknown}
 f - a potion of ambrosia {unknown}
 i - a potion of mutation {unknown}
 k - a potion of berserk rage {unknown}
 l - 2 potions of curing

Dungeon Overview and Level Annotations

Branches:
Dungeon (4/15)
 Temple: D:4-7

Altars:

Annotations:
D:3 1 runed translucent door, Crazy Yiuf


Message History

3062 ||| FLEEEEING.
The orc warrior zaps a wand.
Your mind is blasted!
3063 ||| FLEEEEING.
3064 ||| FLEEEEING.
3065 ||| FLEEEEING.
3066 ||| FLEEEEING.
You start resting.
An orc warrior is nearby!
You shoot an arrow.
The arrow closely misses the orc warrior.
You shoot an arrow.
The arrow hits the orc warrior but does no damage.
The orc warrior is lightly wounded.
The orc warrior hits you with a +0 scimitar.
You shoot an arrow. The arrow hits the orc warrior.
The orc warrior is lightly wounded.
You hear a shout!
The orc warrior closely misses you.
You hear a shout!
You shoot an arrow. The arrow hits the orc warrior!
The orc warrior is heavily wounded.
You hear a shout!
The orc warrior completely misses you.
You shoot an arrow.
The arrow barely misses the orc warrior.
The orc warrior hits you with a +0 scimitar.
An orc comes into view. It is wielding a +1 dagger of draining.
The orc warrior barely misses you.
You shoot an arrow.
The arrow closely misses the orc warrior.
The orc warrior hits you with a +0 scimitar!
3078 ||| READING scroll of teleportation.
As you read the scroll of teleportation, it crumbles to dust.
You feel strangely unstable.
The orc warrior hits you with a +0 scimitar.
You shoot an arrow.
The arrow closely misses the orc warrior.
An orc priest comes into view. It is wielding a +0 war axe.
The orc warrior hits you with a +0 scimitar!
You die...

#...............#
######.##.##.... #..#
#.##.##.## #..#
#.......# #..# ####.####
#..# ##.## #####..####
#...# . ........# #...#
. #.##>##.# #@..#
.##.##.##.######o..#####
.........o.....o.....).#
..|...#.................
..o...#...#............#
..........#.##.#...#.###
#.#...#.#.#.##.......#
#.#...#.#.#.##....)#.#
#.#.........##.....#.#


You could see an orc warrior and an orc priest.

Vanquished Creatures
  A phantom (D:4)
  A scorpion (D:3)
  An iguana (D:3)
  Robin (D:3)
  2 adders (D:3)
  A dart slug (D:2)
  6 orcs
  9 ball pythons
  6 endoplasms
  12 goblins
  7 hobgoblins
  4 jackals (D:1)
  3 quokkas
  5 bats
  8 kobolds
  6 rats
73 creatures vanquished.

Notes
Turn   | Place    | Note
-------+----------+-------------------------------------------
     0 | D:1      | qw the Deep Elf Hunter began the quest for the Orb.
     0 | D:1      | Reached XP level 1. HP: 12/12 MP: 3/3
     0 | D:1      | 0 ||| qw: Version: 0.3-a-155-g5e7d8dd
     0 | D:1      | 0 ||| qw: Game counter: 901
     0 | D:1      | 0 ||| qw: Melee chars always use a shield: true
     0 | D:1      | 0 ||| qw: God list: Okawaru
     0 | D:1      | 0 ||| qw: Allow faded altars: false
     0 | D:1      | 0 ||| qw: Do Orc after clearing Dungeon:15 true
     0 | D:1      | 0 ||| qw: Do second Lair branch before Depths: true
     0 | D:1      | 0 ||| qw: Lair rune preference: random
     0 | D:1      | 0 ||| qw: Goals: Normal
     0 | D:1      | 0 ||| PLANNING D:1-11
    85 | D:1      | Reached XP level 2. HP: 11/16 MP: 4/4
   126 | D:1      | Reached skill level 6 in Ranged Weapons
   724 | D:1      | 724 ||| UPGRADING to +0 scale mail.
   734 | D:1      | 734 ||| DROPPING +0 leather armour.
   735 | D:1      | 735 ||| DROPPING ring of magical power.
   736 | D:1      | 736 ||| READING scroll labelled KINGISAOR.
   740 | D:1      | 740 ||| READING scroll labelled YLUDEE HAELO.
   741 | D:1      | 741 ||| DROPPING scroll of butterflies.
  1066 | D:2      | 1066 ||| FLEEEEING.
  1067 | D:2      | 1067 ||| FLEEEEING.
  1068 | D:2      | 1068 ||| FLEEEEING.
  1069 | D:2      | 1069 ||| FLEEEEING.
  1070 | D:2      | 1070 ||| FLEEEEING.
  1071 | D:2      | 1071 ||| FLEEEEING.
  1072 | D:2      | 1072 ||| FLEEEEING.
  1073 | D:2      | 1073 ||| FLEEEEING.
  1074 | D:2      | 1074 ||| FLEEEEING.
  1075 | D:2      | 1075 ||| FLEEEEING.
  1076 | D:2      | 1076 ||| FLEEEEING.
  1077 | D:2      | 1077 ||| FLEEEEING.
  1078 | D:2      | 1078 ||| FLEEEEING.
  1079 | D:2      | 1079 ||| FLEEEEING.
  1088 | D:2      | Reached XP level 3. HP: 20/20 MP: 5/5
  1239 | D:2      | Found a faded altar of an unknown god.
  1418 | D:2      | 1418 ||| UPGRADING to +0 ring mail.
  1428 | D:2      | 1428 ||| DROPPING +0 scale mail.
  1429 | D:2      | 1429 ||| UPGRADING to amulet of reflection.
  1434 | D:2      | 1434 ||| READING scroll labelled OMOWOA XYOWN.
  1435 | D:2      | 1435 ||| READING scroll labelled ERIRON MEEGUB.
  1435 | D:2      | 1435 ||| ENCHANTING +0 ring mail.
  1436 | D:2      | 1436 ||| READING scroll labelled QODUT MIPNAMA.
  1437 | D:2      | 1437 ||| READING 2 scrolls labelled SAWILE VIECRUC.
  1438 | D:2      | 1438 ||| DRINKING 2 puce potions.
  1439 | D:2      | 1439 ||| DROPPING scroll of immolation.
  1590 | D:3      | Reached skill level 7 in Ranged Weapons
  1844 | D:3      | Found a runed translucent door.
  1845 | D:3      | Noticed Crazy Yiuf
  2085 | D:3      | Noticed a scorpion
  2095 | D:3      | Killed a scorpion
  2096 | D:3      | Reached skill level 8 in Ranged Weapons
  2096 | D:3      | Reached XP level 4. HP: 15/25 MP: 6/6
  2485 | D:3      | 2485 ||| DROPPING amulet of guardian spirit.
  2486 | D:3      | 2486 ||| UPGRADING to ring of see invisible.
  2487 | D:3      | 2487 ||| READING scroll labelled ZAH UNLORA.
  2487 | D:3      | 2487 ||| IDENTIFYING sapphire potion
  2488 | D:3      | 2488 ||| DRINKING 2 viscous inky potions.
  2489 | D:3      | 2489 ||| DROPPING potion of invisibility.
  2490 | D:3      | 2490 ||| DROPPING potion of degeneration.
  2603 | D:4      | 2603 ||| STAIRDANCE
  2603 | D:4      | Noticed Robin
  2609 | D:3      | HP: 6/25 [iguana (2)]
  2610 | D:3      | 2610 ||| READING 2 scrolls of teleportation.
  2722 | D:3      | Reached XP level 5. HP: 22/29 MP: 7/7
  2764 | D:4      | 2764 ||| STAIRDANCE
  2807 | D:4      | 2807 ||| STAIRDANCE
  2859 | D:4      | 2859 ||| STAIRDANCE
  2891 | D:4      | 2891 ||| STAIRDANCE
  2904 | D:4      | 2904 ||| STAIRDANCE
  2911 | D:3      | Killed Robin
  2992 | D:4      | Reached skill level 9 in Ranged Weapons
  3002 | D:4      | Noticed a phantom
  3019 | D:4      | Killed a phantom
  3020 | D:4      | Reached XP level 6. HP: 34/36 MP: 8/8
  3048 | D:4      | Noticed an orc warrior
  3050 | D:4      | 3050 ||| FLEEEEING.
  3051 | D:4      | 3051 ||| FLEEEEING.
  3052 | D:4      | 3052 ||| FLEEEEING.
  3053 | D:4      | 3053 ||| FLEEEEING.
  3054 | D:4      | 3054 ||| FLEEEEING.
  3055 | D:4      | 3055 ||| FLEEEEING.
  3056 | D:4      | 3056 ||| FLEEEEING.
  3057 | D:4      | 3057 ||| FLEEEEING.
  3058 | D:4      | 3058 ||| FLEEEEING.
  3060 | D:4      | 3060 ||| FLEEEEING.
  3061 | D:4      | 3061 ||| FLEEEEING.
  3062 | D:4      | 3062 ||| FLEEEEING.
  3063 | D:4      | 3063 ||| FLEEEEING.
  3064 | D:4      | 3064 ||| FLEEEEING.
  3065 | D:4      | 3065 ||| FLEEEEING.
  3066 | D:4      | 3066 ||| FLEEEEING.
  3077 | D:4      | HP: 3/36 [orc warrior/+0 scimitar (8)]
  3078 | D:4      | 3078 ||| READING scroll of teleportation.
  3078 | D:4      | HP: 1/36 [orc warrior/+0 scimitar (2)]
  3079 | D:4      | Mangled by an orc warrior

Levels and vault maps discovered:
D:1:      lemuel_arrival_muddy, layout_basic, minmay_gold_behind_fungi
D:2:      layout_loops_ring, basic_ecumenical_altar, serial_aquarium,
          aquarium_bridge_long_separate [aquarium_subvault_bridge,
          aquarium_subvault_balcony, aquarium_subvault_bridge,
          aquarium_subvault_window, aquarium_subvault_bridge,
          aquarium_subvault_wall], aquarium_window_1, aquarium_window_1,
          aquarium_window_fake, aquarium_view_2d, aquarium_view_2b
D:3:      layout_basic, uniq_crazy_yiuf_cottage
D:4:      layout_loops_cross, uniq_robin

Skill      XL: |  1  2  3  4  5 |
---------------+----------------+-----
Ranged Weapons | 6 8 9 |  9.0
Fighting       | 2 |  2.6
Dodging        | |  2.4
Stealth        | |  1.2

Action                     |  1- 3 |  4- 6 || total
---------------------------+-------+-------++-------
   Fire: Shortbow          |   147 |   113 ||   260
    Use: Scroll            |     6 |     3 ||     9
         Potion            |     1 |     1 ||     2
 Armour: Leather armour    |     3 |       ||     3
         Scale mail        |    19 |       ||    19
         Ring mail         |    27 |    63 ||    90
  Dodge: Dodged            |    43 |    41 ||    84
  Block: Other             |     5 |    23 ||    28

Table legend:
 A = Non-vault XP
 B = Vault XP
 C = Vault XP percentage of total XP
 D = Non-vault monster count
 E = Vault monster count
 F = Vault count percentage of total count
                 A         B        C        D         E       F
            +---------+---------+-------+---------+---------+-------
      Total |     355 |      38 |   9.7 |      60 |      13 |  17.8
            +---------+---------+-------+---------+---------+-------
        D:1 |      33 |       0 |   0.0 |      20 |       0 |   0.0
        D:2 |      20 |       0 |   0.0 |      11 |       0 |   0.0
        D:3 |     179 |      34 |  16.0 |      21 |      11 |  34.4
        D:4 |     123 |       4 |   3.1 |       8 |       2 |  20.0
            +---------+---------+-------+---------+---------+-------
